 Dungeon Crawl Stone Soup version bcrawl-1.14 (webtiles) character file.

Game seed: 15256174468208093166

53 Revguard the Ducker (level 3, -2/27 HPs)
             Began as a Demonspawn Archaeologist on Sept 6, 2019.
             Slain by a phantom (5 damage)
             ... on level 2 of the Dungeon.
             The game lasted 00:03:19 (1356 turns).

Revguard the Ducker (Demonspawn Archaeologist)      Turns: 1356, Time: 00:03:19

Health: -2/27      AC:  7    Str: 12    XL:     3   Next: 62%
Magic:  3/3        EV: 13    Int: 15    God:
Gold:   118        SH:  0    Dex: 11    Spells: 2/2 levels left

rFire    . . .     SeeInvis .   h - +0 dagger (venom)
rCold    . . .     Gourm    .   (no shield)
rNeg     . . .     Faith    .   b - +1 robe
rPois    .         Spirit   .   c - +1 hat
rElec    .         Reflect  .   (no cloak)
rCorr    .         Harm     .   o - +0 pair of gloves
MR       .....                  d - +1 pair of boots
Stlth    ++........             (no amulet)
HPRegen  0.09/turn              i - ring of flight
MPRegen  0.08/turn              (no ring)

@: berserk cooldown, very slightly contaminated, slowed, studying Armour,
invisible, very slow
A: sturdy frame 1
a: Evoke Flight


You were on level 2 of the Dungeon.
You were hungry.

You visited 1 branch of the dungeon, and saw 2 of its levels.

You collected 118 gold pieces.

Inventory:

Hand Weapons
 a - a +0 whip
 h - a +0 dagger of venom (weapon)
Armour
 b - a +1 robe (worn)
 c - a +1 hat (worn)
 d - a +1 pair of boots (worn)
 o - a +0 pair of gloves (worn)
Jewellery
 i - a ring of flight (left hand)
Scrolls
 k - a scroll of identify {unknown}
 m - a scroll of remove curse {unknown}
Potions
 j - a potion of berserk rage
Books
 e - a manual of Armour
Miscellaneous
 f - an ancient crate
Comestibles
 g - a ration {!d}


   Skills:
 * Level 2.0 Fighting
 - Level 1.7 Maces & Flails
 * Level 0.8 Armour
 + Level 3.3 Dodging
 - Level 3.0 Stealth


You had 2 spell levels left.
You didn't know any spells.
Your spell library was empty.

Dungeon Overview and Level Annotations

Branches:
Dungeon (2/12)

Altars:


Innate Abilities, Weirdness & Mutations

Your movements are slightly less encumbered by armour. (ER -2)


Message History

You feel yourself slow down.
You see here 6 gold pieces.
You now have 118 gold pieces (gained 6).
You barely miss the phantom.
The phantom is moderately damaged.
The phantom misses you. The phantom hits you!
* * * LOW HITPOINT WARNING * * *
You hit the phantom but do no damage.
The phantom is moderately damaged.
The phantom blinks!
It was a potion of invisibility.
You fade into invisibility!
You are very lightly contaminated with residual magic.
The phantom hits you but does no damage.
You barely miss the phantom.
The phantom is moderately damaged.
The phantom hits you.
* * * LOW HITPOINT WARNING * * *
The phantom hits you.
You die...

...........# #. #..##.##....#.
...........# #.# #.#...###.....
###.........###..###.#.###....#..
##..#######..............#.##..#.
...########## #.###..##....#...#
..<#..)##...####.....#####......#
.......†.......[...##......##....
...............##..##.#######....
...............W@.....########...
..............###................
.............## #############....
...#...##...## ... ...##########
.. ...# ####


You could see a phantom.

Vanquished Creatures
  An ooze (D:1)
  3 worms
  2 dart slugs
  2 leopard geckos
  A ball python (D:2)
  4 bats (D:1)
  2 hobgoblins
  4 jackals (D:1)
  2 kobolds
  2 frilled lizards (D:1)
  6 goblins (D:1)
  4 rats
33 creatures vanquished.

Notes
Turn   | Place    | Note
-------+----------+-------------------------------------------
     0 | D:1      | Revguard the Demonspawn Archaeologist began the quest for
                  | the Orb.
     0 | D:1      | Reached XP level 1. HP: 15/15 MP: 1/1
   238 | D:1      | Reached skill level 1 in Maces & Flails
   238 | D:1      | Gained mutation: Your movements are slightly less
                  | encumbered by armour. (ER -2) [demonic ancestry]
   238 | D:1      | Reached XP level 2. HP: 13/21 MP: 2/2
   856 | D:1      | Reached XP level 3. HP: 24/27 MP: 3/3
  1158 | D:2      | Found a faded altar of an unknown god.
  1315 | D:2      | Noticed a phantom
  1356 | D:2      | Slain by a phantom

Skill      XL: |  1  2  3 |
---------------+----------+-----
Maces & Flails | 1 |  1.7
Dodging        | 3 |  3.3
Fighting       | 2 |  2.0
Armour         | |  0.8
Stealth        | |  3.0

Action                   || total
-------------------------++-------
Melee: Whip              ||   146
       Dagger            ||    43
  Use: Potion            ||     3
 Stab: Sleeping          ||     3
  Eat: Chunk             ||     1
Armor: Robe              ||    64
Dodge: Dodged            ||   142
